 Dungeon Crawl Stone Soup version 0.28.0-61-g67df4f89a8 (webtiles) character file.

Game seed: 10955499074221237940

235 tkbsonic5 the Grave Robber (level 5, -4/45 HPs)
             Began as a Deep Dwarf Necromancer on Feb 16, 2023.
             Slain by an orc wizard
             ... wielding a +0 dagger of electrocution
              (16 damage)
             ... on level 4 of the Dungeon on Feb 17, 2023.
             The game lasted 00:16:15 (4057 turns).

tkbsonic5 the Grave Robber (Deep Dwarf Necromancer) Turns: 4057, Time: 00:16:15

Health: -4/45      AC:  8    Str: 12    XL:     5   Next: 76%
Magic:  1/10       EV: 12    Int: 17    God:
Gold:   102        SH:  0    Dex: 19    Spells: 5/10 levels left

rFire   + . .      SeeInvis .   e - +0 hunting sling
rCold   . . .      Faith    .   (no shield)
rNeg    . . .      Spirit   .   a - +0 robe
rPois   .          Reflect  .   r - +2 helmet
rElec   .          Harm     .   (no cloak)
rCorr   .          Rampage  .   s - +2 pair of gloves
Will    +....                   (no boots)
Stlth   ++........              (no amulet)
HPRegen 0.00/turn               q - +6 ring of dexterity
MPRegen 0.12/turn               l - ring "Acsijer" {rF+ Will+}

@: no status effects
A: damage resistance, heal wounds, sense surroundings 1, no regeneration
a: Heal Wounds


You were on level 4 of the Dungeon.
You visited 1 branch of the dungeon, and saw 4 of its levels.

You collected 102 gold pieces.

Inventory:

Hand Weapons
 e - a +0 hunting sling (weapon)
 f - a +0 club
 m - a +0 short sword
 o - a +2 dagger of holy wrath
Missiles
 t - 16 sling bullets (quivered ammo)
Armour
 a - a +0 robe (worn)
 b - a +0 ring mail
 c - a +0 ring mail
 g - a +0 scale mail
 r - a +2 helmet (worn)
 s - a +2 pair of gloves (worn)
Jewellery
 l - the ring "Acsijer" (right hand) {rF+ Will+}
   (You found it on level 2 of the Dungeon)

   [ring of willpower]

   rF:        It protects you from fire.
   Will:      It increases your willpower.
 q - a +6 ring of dexterity (left hand)
Wands
 k - a wand of iceblast (7)
Scrolls
 h - a scroll of enchant weapon
 i - a scroll of blinking {unknown}
 j - a scroll of noise {unknown}
 u - a scroll of fog {unknown}
Potions
 d - 3 potions of brilliance
 n - a potion of haste {unknown}
 w - a potion of curing {unknown}
 x - 2 potions of heal wounds {unknown}


   Skills:
 + Level 2.2 Fighting
 - Level 2.1 Dodging
 - Level 2.4 Stealth
 * Level 3.3 Spellcasting
 * Level 6.0 Necromancy


You had 5 spell levels left.
You knew the following spells:

 Your Spells              Type           Power      Damage    Failure   Level
a - Pain                  Necr           92%        1d8       1%          1
b - Animate Skeleton      Necr           46%        N/A       1%          1
c - Vampiric Draining     Necr           23%        2d7       4%          3

Your spell library contained the following spells:

 Spells                   Type           Power      Damage    Failure   Level
 Animate Dead             Necr           11%        N/A       14%         4
 Sting                    Tmut/Pois      8%         1d3       17%         1
 Poisonous Vapours        Pois/Air       4%         N/A       26%         2
 Agony                    Necr           23%        N/A       36%         5
 Olgreb's Toxic Radiance  Pois           2%         N/A       86%         4


Dungeon Overview and Level Annotations

Branches:
Dungeon (4/15)
 Temple: D:4-7

Altars:


Innate Abilities, Weirdness & Mutations

You are resistant to damage.
You can heal yourself by infusing magical energy.
You passively map a small area around you.
You do not regenerate.


Message History

Things that are here:
a +0 vampiric whip; an orc corpse
Casting: Vampiric Draining (dangerous; 4% risk of failure)
Confirm with . or Enter, or press ? or * to list all spells.
Aiming: Vampiric Draining (dangerous; 4% risk of failure)
Press: ? - help, Shift-Dir - straight line, f/p - orc priest
Aim: an orc priest, wielding a +0 short sword and wearing a +0 chain mail of willpower You draw life force from the orc priest!
You feel life coursing into your body. Something hits you but does no damage.
You are electrocuted!
* * * LOW HITPOINT WARNING * * *
The orc priest closely misses you.
Okay, then.
You feel much better.
You hear some strange, mumbled words.
A magic dart appears from out of thin air!
The magic dart hits you!
The orc priest invokes the aid of Beogh against you.
Pain shoots through your body!
You shoot a sling bullet.
The sling bullet hits the orc priest but does no damage.
The orc priest is moderately wounded.
You hear some strange, mumbled words.
A magic dart appears from out of thin air!
The magic dart hits you but does no damage.
The orc priest hits you but does no damage.
You shoot a sling bullet.
The sling bullet barely misses the orc priest.
Something hits you.
You are electrocuted!
* * * LOW HITPOINT WARNING * * *
The orc priest hits you with a +0 short sword.
Something hits you but does no damage.
Unknown command.
As you read the scroll labelled WOAMUW SYRESO, it crumbles to dust.
It is a scroll of enchant weapon.
The +0 vampiric whip glows red for a moment.
The orc priest closely misses you. Something hits you.
* * * LOW HITPOINT WARNING * * *
You are electrocuted!!
You die...

..# * ..#
#.# ..#
.., ,
..#####
*#.# ,
..'...#
*(. * *
..###.#
#(* * *
.## #.#
#(## .#
#.#
#.o#*.#* *
.####.#
#@#*.. , ≈
.[).#.#
#{##.#, ,
* ≈
###.#.#
#..#.#
.)..#.#
##.#.# ≈
...##.####
#.#.# ,
.........#
#.#.# ,*
≈≈
...#.###.#
#...# ,* ≈
≈
...#.#...#
##..# ≈
.).#.#.###
#..# ≈


You could see an orc priest.

Vanquished Creatures
  An orc priest (D:4)
  An orc wizard (D:4)
  4 gnolls
  4 adders
  An ufetubus (D:4)
  A worm (D:2)
  A dart slug (D:3)
  4 orcs (D:4)
  8 endoplasms
  2 giant cockroaches (D:1)
  2 goblins
  5 hobgoblins
  4 jackals
  7 kobolds
  4 quokkas
  4 ball pythons
  2 bats
  3 frilled lizards
  3 rats
61 creatures vanquished.

Vanquished Creatures (collateral kills)
  A hound (D:3)
  A goblin (D:2)
  A hobgoblin (D:2)
3 creatures vanquished.

Vanquished Creatures (others)
  2 plants (D:3)
2 creatures vanquished.

Grand Total: 66 creatures vanquished

Notes
Turn   | Place    | Note
-------+----------+-------------------------------------------
     0 | D:1      | tkbsonic5 the Deep Dwarf Necromancer began the quest for
                  | the Orb.
     0 | D:1      | Reached XP level 1. HP: 15/15 MP: 3/3
   774 | D:1      | Found a faded altar of an unknown god.
   777 | D:1      | Learned a level 1 spell: Animate Skeleton
   786 | D:1      | Reached XP level 2. HP: 24/24 MP: 0/5
  1287 | D:1      | Reached skill level 1 in Fighting
  1753 | D:2      | Identified the ring "Acsijer" {rF+ Will+}
  1824 | D:2      | Reached XP level 3. HP: 31/31 MP: 1/6
  1828 | D:2      | Learned a level 3 spell: Vampiric Draining
  2060 | D:2      | Reached skill level 5 in Necromancy
  2840 | D:3      | Reached XP level 4. HP: 35/38 MP: 3/7
  3686 | D:4      | Reached XP level 5. HP: 45/45 MP: 2/9
  4051 | D:4      | Reached skill level 6 in Necromancy
  4057 | D:4      | Slain by an orc wizard

Illustrated notes

Levels and vault maps discovered:
D:1:      minmay_arrival_four_houses, layout_loops_ring,
          shapermc_ecumenical_altar_totnotflames
D:2:      layout_rooms
D:3:      layout_loops_ring, serial_forest, infiniplex_forest_lined_room_2,
          infiniplex_forest_clump_large, infiniplex_forest_straight_2,
          infiniplex_forest_clump_medium, infiniplex_forest_lined_2,
          infiniplex_forest_lined_3, infiniplex_forest_lined_4_way, st_stairs_13
D:4:      layout_basic, serial_shops, shop, serial_bayou_lagoon_b

Skill      XL: |  1  2  3  4  5 |
---------------+----------------+-----
Spellcasting   | 2 3 |  3.3
Fighting       | 1 2 |  2.2
Necromancy     | 5 6 |  6.0
Dodging        | |  2.1
Stealth        | |  2.4

Action                   |  1- 3 |  4- 6 || total
-------------------------+-------+-------++-------
Melee: Unarmed           |     6 |       ||     6
       Short sword       |     1 |       ||     1
 Fire: Hunting sling     |       |    59 ||    59
 Cast: Pain              |    90 |    14 ||   104
       Animate Skeleton  |     4 |       ||     4
       Vampiric Draining |       |    11 ||    11
 Abil: Heal Wounds       |     1 |     1 ||     2
Evoke: Wand              |     1 |     1 ||     2
  Use: Scroll            |     1 |     5 ||     6
Armor: Robe              |    11 |    18 ||    29
Dodge: Dodged            |    25 |    17 ||    42
